 Dungeon Crawl Stone Soup version 0.32-a0-928-g1cae6b7ea0 (webtiles) character file.

Game seed: 12269291508972355277

1757 adeline the Protected (level 8, -4/66 (70) HPs)
             Began as a Minotaur Fighter on Apr 12, 2024.
             Was an Initiate of Ru.
             Killed from afar by a gargoyle (13 damage)
             ... with a stone arrow
             ... on level 7 of the Dungeon.
             The game lasted 00:35:46 (5772 turns).

adeline the Protected (Minotaur Fighter)            Turns: 5772, Time: 00:35:47

HP:   -4/66 (70)    AC: 25    Str: 30    XL:     8   Next: 79%
MP:   7/7           EV:  8    Int:  5    God:    Ru [......]
Gold: 0             SH:  5    Dex:  9    Spells: 7/7 levels left

rFire   . . .        j - +3 short sword (protect)
rCold   . . .        c - +0 buckler
rNeg    . . .        B - +0 chain mail of Tuacheez {Regen+ SInv}
rPois   .            (helmet restricted)
rElec   .            (no cloak)
rCorr   .            o - +2 pair of gloves
SInv    +            (no boots)
Will    .....        n - amulet of faith Stlth
                     s - +4 ring of protection
HPRegen 1.11/turn    v - +6 ring of strength
MPRegen 0.10/turn

%: faith
@: under a protective aura, drained
A: horns 2, no stealth, retaliatory headbutt
a: Renounce Religion


You were on level 7 of the Dungeon.
You worshipped Ru.
Ru was noncommittal.
You visited 2 branches of the dungeon, and saw 8 of its levels.
You also visited: Sewer.

Inventory:

Hand Weapons
 a - a +0 sling
 j - a +3 short sword of protection (weapon)
 w - the +7 staff of the Meek {protect, meekguard}
   (You found it on level 3 of the Dungeon)
Missiles
 y - a silver javelin (quivered)
 F - a throwing net
Armour
 c - a +0 buckler (worn)
 o - a +2 pair of gloves (worn)
 B - the +0 chain mail of Tuacheez (worn) {Regen+ SInv}
   (You found it on level 4 of the Dungeon)

   SInv:      It lets you see invisible.
   Regen+:    It increases your rate of health regeneration.
Magical Staves
 x - a staff of air
Jewellery
 n - an amulet of faith (around neck)
 s - a +4 ring of protection (left hand)
 v - a +6 ring of strength (right hand)
Wands
 G - a wand of light (7)
 I - a wand of polymorph (5)
 J - a wand of iceblast (8)
Scrolls
 e - a scroll of silence {unknown}
 g - a scroll of blinking
 h - a scroll of immolation {unknown}
 k - a scroll of teleportation
 m - 5 scrolls of identify
 q - a scroll of amnesia
 t - a scroll of torment {unknown}
 u - 2 scrolls of fog {unknown}
 C - a scroll of revelation {unknown}
 E - a scroll of noise {unknown}
 H - 2 scrolls of enchant weapon
 K - a scroll of summoning {unknown}
Potions
 b - a potion of attraction
 d - a potion of might
 f - 2 potions of ambrosia
 i - a potion of degeneration {unknown}
 l - a potion of berserk rage
 p - 2 potions of enlightenment
 r - a potion of curing
 A - a potion of mutation {unknown}
 D - a potion of brilliance {unknown}


   Skills:
 + Level 5.7 Fighting
 + Level 6.3 Short Blades
 - Level 3.3 Maces & Flails
 * Level 9.1 Armour
 + Level 1.2 Dodging
 * Level 6.9 Shields
 + Level 0.1 Unarmed Combat


You had 7 spell levels left.
You didn't know any spells.
Your spell library contained the following spells:

 Spells                   Type           Power      Damage    Failure   Level
 Mercury Vapours          Alch/Air       0%         N/A       97%         2
 Dazzling Flash           Conj/Hex       0%         N/A       99%         3
 Mephitic Cloud           Conj/Alch/Air  0%         N/A       99%         3
 Freezing Cloud           Conj/Ice/Air   0%         6-21      100%        5
 Starburst                Conj/Fire      0%         6d3       100%        6
 Maxwell's Capacitive Co  Air            0%         ∞         100%        8


Dungeon Overview and Level Annotations

Branches:
Dungeon (7/15)             Temple (1/1) D:4           Sewer (visited)

Altars:
Ashenzari
Cheibriados
Dithmenos
Elyvilon
Fedhas
Hepliaklqana
Makhleb
Nemelex Xobeh
Okawaru
Qazlal
Ru
Trog
Uskayaw
Vehumet
Wu Jian
Xom
Yredelemnul
Zin
The Shining One
Beogh

Shops:
D:5 :

Annotations:
D:7 Maggie, Maurice


Innate Abilities, Weirdness & Mutations

You have a pair of horns on your head.
You cannot be stealthy.
You reflexively headbutt those who attack you in melee.


Message History

You hit the gargoyle but do no damage.
You headbutt the gargoyle, but do no damage.
The wight barely misses you. You block the gargoyle's attack.
You hit the gargoyle.
You headbutt the gargoyle, but do no damage.
The gargoyle is lightly damaged.
You hit the gargoyle but do no damage.
The gargoyle is lightly damaged.
The wight hits you but does no damage. The gargoyle hits you with a +0 flail!
You hit the gargoyle.
The gargoyle is moderately damaged.
The wight closely misses you. The gargoyle hits you with a +0 flail!
You hit the gargoyle but do no damage.
The gargoyle is moderately damaged.
The wight hits you but does no damage.
The gargoyle hurls a stone arrow at you.
The stone arrow hits you but does no damage.
You hit the gargoyle but do no damage. Your headbutt misses the gargoyle.
The gargoyle is moderately damaged.
You hit the gargoyle but do no damage. You headbutt the gargoyle.
The gargoyle is heavily damaged.
The wight hits you from afar with a +0 halberd.
The gargoyle hits you but does no damage.
You hit the gargoyle. You headbutt the gargoyle!
The gargoyle is severely damaged.
The wight hits you from afar with a +0 halberd.
The gargoyle hits you with a +0 flail!
You hit the gargoyle. Your headbutt misses the gargoyle.
The gargoyle is almost destroyed.
The wight barely misses you.
The gargoyle hurls a stone arrow at you.
The stone arrow hits you!!
* * * LOW HITPOINT WARNING * * *
You hit the gargoyle but do no damage.
You headbutt the gargoyle, but do no damage.
The gargoyle is almost destroyed.
The gargoyle hurls a stone arrow at you.
The stone arrow hits you!
You die...
Ru respects your ultimate sacrifice.

..... ##
...... .
.....?
#.###......
#.#).......
#.zz.!.....
###9#.#####
#.# # #@#
#.# #.# #.#
... #.. ###


You could see a gargoyle and 2 wights.

Vanquished Creatures
  The ghost of Ikimono the Digger, a novice DgEE (D:6)
  Sigmund (D:4)
  Pargi (Sewer)
  A black bear (D:7)
  An ogre (D:5)
  A kobold brigand (D:6)
  A brain worm (Sewer)
  2 scorpions
  A wight (D:7)
  A howler monkey (D:6)
  2 bombardier beetles
  4 hounds
  4 orc priests
  An iguana (D:5)
  2 sleepcaps
  4 orc wizards
  11 adders
  A shadow imp (D:5)
  A dart slug (D:3)
  12 orcs
  8 ball pythons
  13 bats
  4 endoplasms
  10 giant cockroaches
  6 goblins
  A hobgoblin (D:4)
  16 jackals
  7 quokkas
  4 frilled lizards
  17 kobolds
  7 rats
146 creatures vanquished.

Notes
Turn   | Place    | Note
-------+----------+-------------------------------------------
     0 | D:1      | adeline the Minotaur Fighter began the quest for the Orb.
     0 | D:1      | Reached XP level 1. HP: 19/19 MP: 0/0
   140 | D:1      | Reached XP level 2. HP: 24/27 MP: 1/1
   144 | D:1      | Reached skill level 4 in Armour
   513 | D:1      | Reached XP level 3. HP: 33/33 MP: 2/2
  1590 | D:2      | Reached XP level 4. HP: 40/40 MP: 3/3
  1935 | D:3      | Found a glowing drain.
  1951 | Sewer    | Entered a sewer
  1957 | Sewer    | Reached skill level 1 in Short Blades
  1969 | Sewer    | Noticed a brain worm
  1978 | Sewer    | Killed a brain worm
  1979 | Sewer    | Reached skill level 5 in Armour
  1979 | Sewer    | Reached XP level 5. HP: 24/46 MP: 0/4
  1982 | Sewer    | Noticed Pargi
  1990 | Sewer    | Killed Pargi
  1991 | Sewer    | Reached skill level 5 in Shields
  1991 | Sewer    | Reached XP level 6. HP: 25/52 MP: 1/5
  2637 | D:3      | Found a roughly hewn altar of Beogh.
  2637 | D:3      | Found the +7 staff of the Meek {protect, meekguard}
  3127 | D:4      | Reached skill level 6 in Armour
  3202 | D:4      | Reached XP level 7. HP: 36/60 MP: 6/6
  3452 | D:4      | Found a staircase to the Ecumenical Temple.
  3452 | D:4      | Identified the +0 chain mail of Tuacheez {Regen+ SInv}
  3498 | Temple   | Entered the Ecumenical Temple
  3628 | Temple   | Became a worshipper of Ru the Awakened
  3689 | D:4      | Noticed Sigmund
  3699 | D:4      | Killed Sigmund
  3700 | D:4      | Reached skill level 7 in Armour
  4012 | D:5      | Entered Level 5 of the Dungeon
  4221 | D:5      | Reached skill level 8 in Armour
  4403 | D:5      | Reached XP level 8. HP: 67/67 MP: 7/7
  4436 | D:5      | Found Poufeh's Book Emporium.
  4451 | D:5      | Reached skill level 5 in Fighting
  4808 | D:6      | Reached skill level 5 in Short Blades
  4822 | D:6      | Gained mutation: You cannot be stealthy. [Ru sacrifice]
  4828 | D:6      | Found a runed translucent door.
  4828 | D:6      | Noticed Ikimono's ghost (novice DgEE)
  5300 | D:6      | Killed Ikimono's ghost
  5301 | D:6      | Reached skill level 1 in Dodging
  5614 | D:7      | Noticed Maggie
  5618 | D:7      | Noticed Maurice
  5637 | D:7      | Something stole a +1 antimagic hand axe
  5641 | D:7      | Reached skill level 9 in Armour
  5643 | D:7      | Something stole 3 silver javelins
  5644 | D:7      | Something stole 299 gold
  5645 | D:7      | Something stole 56 gold
  5743 | D:7      | Noticed a gargoyle
  5772 | D:7      | Killed from afar by a gargoyle

Illustrated notes

Levels and vault maps discovered:
D:1:      denvon_arrival_planthouse, layout_rooms,
          hangedman_decor_clover_reticule, minmay_worlds_worst_comb
D:2:      layout_loops_cross
D:3:      layout_basic, portal_sewer_entry_f, minmay_misc_feat_enclosed,
          pf_guarded_unrand_meek
D:4:      layout_loops_ring, minmay_temple_entry_mist,
          minmay_misc_feat_diagonals, uniq_sigmund
D:5:      layout_basic, serial_shops, shop
D:6:      layout_loops_cross, gammafunk_ghost_grave
D:7:      layout_loops_ring, nicolae_kikubaaqudgha_miasma_corner,
          general_overflow_altar, uniq_maggie, uniq_maurice
Temple:   compressed_dpeg_triangle_lava_temple

Skill      XL: |  1  2  3  4  5  6  7  8 |
---------------+-------------------------+-----
Armour         | 4 5 6 8 9 |  9.1
Shields        | 4 5 6 |  6.9
Maces & Flails | 3 |  3.3
Short Blades   | 2 3 4 6 |  6.3
Fighting       | 4 5 |  5.7
Dodging        | 1 |  1.2
Unarmed Combat | |  0.1

Action                     |  1- 3 |  4- 6 |  7- 9 || total
---------------------------+-------+-------+-------++-------
  Melee: Flail             |    40 |       |       ||    40
         Headbutt          |    14 |    32 |    56 ||   102
         Short sword       |    66 |   163 |   249 ||   478
         Unarmed           |       |       |     6 ||     6
 Invoke: Sacrifice Stealth |       |       |     1 ||     1
    Use: Potion            |     1 |     5 |     2 ||     8
         Scroll            |       |     2 |     4 ||     6
 Armour: Scale mail        |    84 |       |       ||    84
         Plate armour      |    49 |   204 |    29 ||   282
         Chain mail        |       |       |   153 ||   153
         Skin              |       |       |    21 ||    21
  Dodge: Dodged            |    52 |    58 |    89 ||   199
  Block: Buckler           |    23 |    52 |    47 ||   122

Table legend: (Time is in decaauts)
 A = Elapsed time spent in this place.
 B = Non-inter-level travel time spent in this place.
 C = Inter-level travel time spent in this place.
 D = Time resting spent in this place.
 E = Time spent auto-exploring this place.
 F = Levels seen in this place.
 G = Mean time per level.
                   A        B        C        D        E       F      G
               +--------+--------+--------+--------+--------+-----+--------+
         Total |   5737 |   5735 |      2 |    529 |   2010 |   9 |  637.4 |
       Dungeon |   5502 |   5500 |      2 |    529 |   2010 |   7 |  786.0 |
        Temple |    147 |    147 |      0 |      0 |      0 |   1 |  147.0 |
         Sewer |     87 |     87 |      0 |      0 |      0 |   1 |   87.0 |
               +--------+--------+--------+--------+--------+-----+--------+

Top non-repeatable levels by time:
     D:3: 1233 daAuts
     D:1: 1132 daAuts
     D:6: 928 daAuts
     D:4: 777 daAuts
     D:5: 723 daAuts
     D:2: 652 daAuts
  Temple: 147 daAuts
   Sewer: 87 daAuts
     D:7: 54 daAuts
